 Dungeon Crawl Stone Soup version 0.14.1-24-gbdbe590 (webtiles) character file.

410 Econoterrorist the Insei (level 6, 0/51 HPs)
             Began as a Naga Transmuter on July 1, 2014.
             Slain by a hungry ghost (1 damage)
             ... on Level 4 of the Dungeon.
             The game lasted 00:19:53 (4241 turns).

Econoterrorist the Insei (Naga Transmuter)          Turns: 4241, Time: 00:19:53

HP   0/51        AC  5     Str 13      XL: 6   Next: 47%
MP  10/10        EV 10     Int 15      God:
Gold 88          SH  0     Dex 12      Spells:  2 memorised,  5 levels left

rFire  . . .     SeeInvis +       - Unarmed
rCold  . . .     Clarity  .     r - +1 robe
rNeg   + . .     Conserve .     (no shield)
rPois  +         rCorr    .     (no helmet)
rElec  .         rRot     .     k - +0 cloak
SustAb . .       Spirit   .     (no gloves)
rMut   .         Warding  +     (no barding)
Saprov . . .     Stasis   .     b - amulet of warding
MR     .....                    (no ring)
                                i - +1 ring of strength

@: very slow, not resistant to hostile enchantments, unstealthy
A: spit poison, see invisible, deformed body, poison resistance, slowness 2, AC
+2
a: Spit Poison


You were on level 4 of the Dungeon.
You were near starving.

You visited 1 branch of the dungeon, and saw 4 of its levels.

You collected 88 gold pieces.

Inventory:

Missiles
 j - 4 exploding darts (quivered)
Armour
 e - a +0 helmet
 k - a +0 cloak (worn)
 r - a +1 robe (worn)
Comestibles
 a - 2 bread rations
 q - 2 meat rations
Scrolls
 g - a scroll of magic mapping
 m - 5 scrolls of remove curse
 o - a scroll of teleportation
Jewellery
 b - an amulet of warding (around neck)
 i - a +1 ring of strength (left hand)
 n - an uncursed ring of invisibility
Potions
 l - 2 potions of curing
 p - 2 potions of resistance
 u - a potion of haste
Books
 d - a book of Changes

   Spells                             Type                      Level
   *Beastly Appendage                 Transmutation                1
   Sticks to Snakes                   Transmutation                2
   *Spider Form                       Transmutation/Poison         3
   Ice Form                           Ice/Transmutation            4
   Blade Hands                        Transmutation                5


   Skills:
 - Level 1.0 Fighting
 - Level 1.5 Dodging
 + Level 5.0 Unarmed Combat
 - Level 2.0 Spellcasting
 - Level 4.1 Transmutations
 - Level 4.0 Poison Magic


You had 5 spell levels left.
You knew the following spells:

 Your Spells              Type           Power        Failure   Level  Hunger
a - Beastly Appendage     Trmt           ##....       4%          1    #......
b - Spider Form           Trmt/Pois      ##........   14%         3    ####...


Dungeon Overview and Level Annotations

Branches:
Dungeon (4/15)
 Temple: D:4-7

Altars:
Okawaru
Vehumet
Yredelemnul


Innate Abilities, Weirdness & Mutations

You cannot wear boots.
You can spit poison.
Your serpentine skin is tough (AC +2).*
You have supernaturally acute eyesight.
Armour fits poorly on your strangely shaped body.*
Your system is resistant to poisons.*
You cover ground very slowly.*


Message History

The hungry ghost hits you.
* * * LOW HITPOINT WARNING * * *
You are near starving!
Eat which item? (? for menu, Esc to quit)
Okay, then.
You hit the hungry ghost.
The hungry ghost is heavily damaged.
The hungry ghost hits you but does no damage.
You hit the hungry ghost.
The hungry ghost is severely damaged.
The hungry ghost hits you.
* * * LOW HITPOINT WARNING * * *
You feel somewhat more hungry.
You miss the hungry ghost.
The hungry ghost is severely damaged.
The hungry ghost hits you but does no damage.
You closely miss the hungry ghost.
The hungry ghost is severely damaged.
The hungry ghost hits you.
You die...

#....#..# #.. . #.# # #....#..# #
#.<.....####.##### ....<#..#.#
#.... ..........%) ....)#..#.#
#.... .##.....### ..........#
#... #........ .....#..### #..#
#.....### #....#).# #..# #.....#
# #....#..# #..# #####.....# #
#..###..########@p###...#.....#
#.......................#p....#
##.##........###..###...#.....###
#........##...# #...#.....#..
#........##...# #...#.....#.P
#........##...# #............
#.....%..##...# #...#######.P
#........##)..# ##### ..
#........##...# ##


You could see a hungry ghost.

Vanquished Creatures
  The ghost of HunterOfWisdom the Insei, an average DgTm (D:3)
  A centaur skeleton (D:4)
  An orc wizard (D:3)
  A worker ant (D:4)
  An orc priest (D:3)
  3 gnolls (D:4)
  An adder (D:4)
  2 giant mites (D:2)
  An orc skeleton (D:4)
  4 giant geckos (D:2)
  8 orcs
  8 bats
  12 hobgoblins
  14 kobolds
  A ball python (D:2)
  2 giant cockroaches
  3 giant newts
  7 goblins
  8 rats
  A rat skeleton (D:3)
80 creatures vanquished.

Notes
Turn   | Place    | Note
--------------------------------------------------------------
     0 | D:1      | Econoterrorist, the Naga Transmuter, began the quest for the Orb.
     0 | D:1      | Reached XP level 1. HP: 18/18 MP: 3/3
   217 | D:1      | Reached XP level 2. HP: 12/25 MP: 2/4
  1143 | D:1      | Reached skill level 4 in Unarmed Combat
  1396 | D:2      | Reached XP level 3. HP: 27/31 MP: 3/6
  1401 | D:2      | Learned a level 3 spell: Spider Form
  1747 | D:2      | Reached skill level 1 in Poison Magic
  1843 | D:2      | Found an iron altar of Okawaru.
  2306 | D:2      | Reached XP level 4. HP: 28/38 MP: 7/7
  3140 | D:3      | Noticed HunterOfWisdom's ghost (average DgTm)
  3214 | D:3      | Killed HunterOfWisdom's ghost
  3214 | D:3      | Reached XP level 5. HP: 31/44 MP: 9/9
  3314 | D:3      | Found a radiant altar of Vehumet.
  4045 | D:4      | Reached XP level 6. HP: 45/51 MP: 10/10
  4122 | D:4      | Found a basalt altar of Yredelemnul.
  4153 | D:4      | Noticed a hungry ghost
  4188 | D:4      | Reached skill level 5 in Unarmed Combat
  4234 | D:4      | HP: 2/51 [hungry ghost (3)]
  4239 | D:4      | HP: 1/51 [hungry ghost (1)]
  4241 | D:4      | Slain by a hungry ghost

Action                   |  1- 3 |  4- 6 || total
-------------------------+-------+-------++-------
Melee: Unarmed           |   143 |   175 ||   318
 Cast: Beastly Appendage |    16 |    19 ||    35
       Spider Form       |       |     3 ||     3
 Abil: Spit Poison       |    12 |     6 ||    18
  Use: Scroll            |     4 |     2 ||     6
       Potion            |       |     3 ||     3
